 Dungeon Crawl Stone Soup version 0.29.0-13-gc9e81de378 (webtiles) character file.

Game seed: 12628097577413601369

119 night the Slasher (level 5, 0/32 HPs)
             Began as a Gargoyle Gladiator on Sept 8, 2022.
             Was a Follower of Dithmenos.
             Slain by a gnoll
             ... wielding a +0 club
              (2 damage)
             ... on level 4 of the Dungeon.
             The game lasted 00:04:37 (1754 turns).

night the Slasher (Gargoyle Gladiator)              Turns: 1754, Time: 00:04:37

Health: 0/32       AC: 10    Str: 17 (18) XL:     5   Next: 3%
Magic:  5/5        EV:  9    Int:  5 (8)  God:    Dithmenos [*.....]
Gold:   64         SH:  6    Dex: 11 (13) Spells: 4/4 levels left

rFire   . . .      SeeInvis .   a - +0 long sword
rCold   . . .      Faith    .   n - +0 kite shield
rNeg    + . .      Spirit   .   l - +0 ring mail
rPois   ∞          Reflect  .   c - +0 helmet
rElec   +          Harm     .   (no cloak)
rCorr   .          Rampage  .   (no gloves)
Will    .....                   (no boots)
Stlth   +.........              (no amulet)
HPRegen 0.10/turn               (no ring)
MPRegen 0.09/turn               (no ring)

@: attractive, flying, wreathed by umbra
A: sickness immunity, AC +4, negative energy resistance 1, electricity
resistance, torment resistance 1, petrification resistance, MP-powered wands
a: Renounce Religion


You were on level 4 of the Dungeon.
You worshipped Dithmenos.
Dithmenos was aware of your devotion.
You visited 1 branch of the dungeon, and saw 3 of its levels.

You collected 64 gold pieces.

Inventory:

Hand Weapons
 a - a +0 long sword (weapon)
 h - a +1 dagger of speed
 i - a +2 dagger of venom
 o - a +0 short sword of speed
Missiles
 d - 2 throwing nets (quivered)
 e - a javelin
 f - 22 stones
 j - 6 poisoned darts
Armour
 b - a +0 leather armour
 c - a +0 helmet (worn)
 l - a +0 ring mail (worn)
 n - a +0 kite shield (worn)
Scrolls
 g - 2 scrolls of immolation


   Skills:
 + Level 3.1 Fighting
 * Level 3.9 Long Blades
 - Level 1.7 Throwing
 + Level 3.0 Dodging
 + Level 1.6 Stealth


You had 4 spell levels left.
You didn't know any spells.
Your spell library contained the following spells:

 Spells                   Type           Power      Damage    Failure   Level
 Summon Small Mammal      Summ           0%         N/A       98%         1
 Call Canine Familiar     Summ           0%         N/A       100%        3
 Summon Guardian Golem    Hex/Summ       0%         N/A       100%        3


Dungeon Overview and Level Annotations

Branches:
Dungeon (4/15)
 Temple: D:4-7

Altars:
Dithmenos
Okawaru


Innate Abilities, Weirdness & Mutations

You are immune to sickness and miasma.
Your stone body is resilient. (AC +4)
You are immune to poison.
You resist negative energy. (rN+)
You are resistant to electric shocks. (rElec)
You are resistant to unholy torment.
You are immune to petrification.
You expend magic power (3 MP) to strengthen your wands.


Message History

Press: ? - help, Shift-Dir - straight line, f - gnoll
Aim: a gnoll, wielding a +0 club (severely wounded, umbra, 60% to hit)
You throw a throwing net. The throwing net hits the gnoll.
The gnoll is caught in the net!
The gnoll is severely wounded.
The gnoll completely misses you.
The gnoll struggles against the net.
The gnoll struggles against the net.
The gnoll is attracted toward you. x3
The gnoll is attracted toward you. The gnoll is attracted toward you. x2
The gnoll attacks as you move away! The gnoll hits you but does no damage.
The gnoll is attracted toward you. x2
The gnoll attacks as you move away! The gnoll barely misses you. x2
The gnoll is attracted toward you. The gnoll is attracted toward you.
The gnoll is attracted toward you. x3
The gnoll barely misses you. The gnoll is attracted toward you. x2
The gnoll misses you. The gnoll attacks as you move away!
The gnoll barely misses you. The gnoll attacks as you move away!
The gnoll hits you but does no damage. The gnoll is attracted toward you.
The gnoll attacks as you move away! The gnoll hits you with a +0 club.
* * * LOW HITPOINT WARNING * * *
The gnoll is attracted toward you. x2
The gnoll is attracted toward you. x3
The gnoll attacks as you move away! The gnoll closely misses you.
You block the gnoll's attack. The gnoll is attracted toward you. x3
The gnoll attacks as you move away! You block the gnoll's attack.
The gnoll attacks as you move away! The gnoll closely misses you.
You block the gnoll's attack. The gnoll is attracted toward you. x3
The gnoll attacks as you move away! The gnoll hits you with a +0 club.
* * * LOW HITPOINT WARNING * * *
The gnoll barely misses you. The gnoll is attracted toward you.
The gnoll is attracted toward you.
You aren't carrying any potions.
Okay, then.
Really read the scroll of immolation?
As you read the scroll of immolation, it crumbles to dust.
The creatures around you are filled with an inner flame!
The gnoll hits you with a +0 club.
You die...

####### ******#.@ggg##
*.......###g§##
*.#....#*,##..##
****,##..#*,,^##.§##
*,,,,#..#*,,_,^##..##
*,**#..#*,,,^,,,##..#
****,**#.#*,,,^^,,,,##.#
***,,,,*,..*,^,**##*,,,#.#
,,,,,,,*,*,**,+*,#.#+,##.#


You could see 4 gnolls.

Vanquished Creatures
  A scorpion (D:4)
  2 adders (D:2)
  A worm (D:2)
  A dart slug (D:1)
  4 endoplasms
  A giant cockroach (D:1)
  7 goblins
  A hobgoblin (D:1)
  4 quokkas
  5 ball pythons
  A bat (D:1)
  A frilled lizard (D:1)
  3 kobolds (D:1)
  2 rats (D:2)
34 creatures vanquished.

Notes
Turn   | Place    | Note
-------+----------+-------------------------------------------
     0 | D:1      | night the Gargoyle Gladiator began the quest for the Orb.
     0 | D:1      | Reached XP level 1. HP: 12/12 MP: 1/1
    91 | D:1      | Reached XP level 2. HP: 8/18 MP: 2/2
   430 | D:1      | Found a faded altar of an unknown god.
   497 | D:1      | Prayed at the altar of an unknown god.
   497 | D:1      | Became a worshipper of Dithmenos the Shadowed
   497 | D:1      | Reached * piety under Dithmenos
   738 | D:1      | Reached XP level 3. HP: 21/22 MP: 3/3
  1179 | D:2      | Found an iron altar of Okawaru.
  1684 | D:2      | You fall into a shaft and drop 2 floors!
  1692 | D:4      | Reached XP level 4. HP: 27/27 MP: 4/4
  1695 | D:4      | Noticed a scorpion
  1701 | D:4      | Killed a scorpion
  1702 | D:4      | Reached skill level 1 in Stealth
  1702 | D:4      | Reached XP level 5. HP: 32/32 MP: 5/5
  1728 | D:4      | Gained mutation: You have hidden genetic defects. [potion
                  | of mutation]
  1728 | D:4      | Gained mutation: You expend magic power (3 MP) to
                  | strengthen your wands. [potion of mutation]
  1728 | D:4      | Lost mutation: You have hidden genetic defects. [potion of
                  | mutation]
  1752 | D:4      | HP: 1/32 [gnoll/+0 club (4)]
  1754 | D:4      | Slain by a gnoll

Illustrated notes

Levels and vault maps discovered:
D:1:      dpeg_arrival_simpleton_a, layout_basic,
          hellmonk_ecumenical_altar_blasted
D:2:      layout_basic, basic_altar
D:4:      minmay_inner_zag, layout_loops_ring, makhleb_altar_promises_db,
          nicolae_dithmenos_the_darkroom, nemelex_spade_bored_becter,
          grunt_decor_resistance, due_unseen_surprise

Skill      XL: |  1  2  3  4 |
---------------+-------------+-----
Long Blades    | 3 |  3.9
Fighting       | 3 |  3.1
Dodging        | 3 |  3.0
Stealth        | 1 |  1.6
Throwing       | |  1.7

Action                   |  1- 3 |  4- 6 || total
-------------------------+-------+-------++-------
Melee: Long sword        |   112 |    11 ||   123
       Punch             |     1 |       ||     1
Throw: Dart              |       |     1 ||     1
       Throwing net      |       |     1 ||     1
  Use: Potion            |       |     5 ||     5
       Scroll            |       |     2 ||     2
Armor: Leather armour    |    24 |       ||    24
       Ring mail         |    35 |    14 ||    49
Dodge: Dodged            |    84 |    18 ||   102
Block: Kite shield       |    20 |    11 ||    31
